[Event "*** Titled Tuesday Blitz"]
[Site "Chess.com"]
[Date "2019.07.02"]
[Round "3"]
[White "Nastasia28"]
[Black "PNEPaul"]
[Result "1-0"]
[WhiteElo "1964"]
[BlackElo "1833"]
[TimeControl "180+2"]
[EndTime "13:37:56 PDT"]
[Termination "Nastasia28 won by resignation"]

1. d4 Nf6 2. c4 c5 3. d5 Ne4 4. Nc3 Qa5 5. Qc2 f5 6. Bd2 Nxd2 7. Qxd2 g6 8. Nf3 Bg7 9. Rc1 O-O 10. g3 d6 11. Bg2 Na6 12. a3 Bd7 13. O-O Qd8 14.
Rfe1 Nc7 15. e4 e5 16. dxe6 Bxe6 17. exf5 Bxf5 18. Nh4 Qf6 19. Nxf5 Qxf5 20. Bxb7 Rab8 21. Bd5+ Kh8 22. Be4 Qf6 23. Rf1 Qd4 24. Qxd4 Bxd4 25. Ne2 Rxb2 26. Nxd4 cxd4 27. Rcd1 Ra2 28. Rxd4 Rxa3 29.
Rxd6 Ra2 30. Rd7 Ne6 31. Bd5 Nc5 32. Rc7 Nd3 33. c5 Nxf2 34. Bxa2 1-0

[Event "*** Titled Tuesday Blitz"]
[Site "Chess.com"]
[Date "2019.07.02"]
[Round "3"]
[White "Naruto-K"]
[Black "DerSchachaffe"]
[Result "0-1"]
[WhiteElo "2528"]
[BlackElo "2392"]
[TimeControl "180+2"]
[EndTime "13:37:58 PDT"]
[Termination "DerSchachaffe won by resignation"]

1. Nf3 Nf6 2. c4 g6 3. Nc3 Bg7 4. e4 e5 5. Nxe5 O-O 6. Nf3 Re8 7. d3 d5 8. cxd5 Nxd5 9. Nxd5 Qxd5 10. Be2 Qd6 11.
O-O c5 12. Rb1 Nc6 13. b3 Bg4 14. Be3 Rad8 15. Rc1 b6 16. Rc2 Bxf3 17. gxf3 Nd4 18. Rd2 Ne6 19. Kh1 Be5 20. h3 Nf4 21. Rg1 Nxh3 22.
Rg2 Nf4 23. Rg4 h5 24. Rg5 Qf6 25. Qg1 Nxe2 0-1

[Event "*** Titled Tuesday Blitz"]
[Site "Chess.com"]
[Date "2019.07.02"]
[Round "3"]
[White "fish7728"]
[Black "m3alam"]
[Result "0-1"]
[WhiteElo "2233"]
[BlackElo "2358"]
[TimeControl "180+2"]
[EndTime "13:37:58 PDT"]
[Termination "m3alam won by resignation"]

1. d4 c6 2. c4 d5 3. cxd5 cxd5 4. Nc3 Nc6 5. Bf4 a6 6. e3 Nf6 7.
Bd3 e6 8. Rc1 Bd6 9. Bxd6 Qxd6 10.
f4 O-O 11. Nf3 b5 12. O-O Bb7 13. Ne5 Rac8 14. Rf3 Ne7 15. Rh3 Ne4 16. Qh5 h6 17. Ng4 Nf5 18. Re1 Qb4 19. Re2 Qa5 20. Nxh6+ Nxh6 21. g4 Nxc3 22. bxc3 Qxc3 23. Bc2 Qa1+ 24.
Kf2 Qc1 25. g5 Rxc2 26. gxh6 Rxe2+ 27. Kxe2 Qc2+ 28. Ke1 Rc8 29. Rg3 Qb1+ 30. Kf2 Rc2+ 0-1

[Event "*** Titled Tuesday Blitz"]
[Site "Chess.com"]
[Date "2019.07.02"]
[Round "3"]
[White "VeraNebolsina"]
[Black "irregularity"]
[Result "1-0"]
[WhiteElo "2353"]
[BlackElo "2535"]
[TimeControl "180+2"]
[EndTime "13:38:03 PDT"]
[Termination "VeraNebolsina won by checkmate"]

1. e4 d6 2. d4 Nf6 3. Nc3 g6 4. Be3 c6 5. f3 b5 6. Qd2 Nbd7 7.
h4 Nb6 8. b3 Qc7 9. g4 h5 10.
g5 Nfd7 11. Nge2 Bg7 12. Bg2 O-O 13. f4 b4 14. Nd1 c5 15. c4 bxc3 16. Ndxc3 Bb7 17.
O-O e5 18. dxe5 dxe5 19. f5 Rfd8 20. Qc2 c4 21. b4 a5 22. a3 Bf8 23. fxg6 fxg6 24.
Nd5 Nxd5 25. exd5 Qd6 26. Nc3 Kh7 27. Rf7+ Bg7 28. Raf1 axb4 29. Nb5 Qa6 30. Nc7 Qxa3 31. Qxg6+ Kxg6 32. Be4# 1-0

[Event "*** Titled Tuesday Blitz"]
[Site "Chess.com"]
[Date "2019.07.02"]
[Round "3"]
[White "Andrei_Belozerov"]
[Black "GameOverBro"]
[Result "1-0"]
[WhiteElo "2555"]
[BlackElo "2483"]
[TimeControl "180+2"]
[EndTime "13:38:06 PDT"]
[Termination "Andrei_Belozerov won by resignation"]

1. e4 d6 2. d4 Nf6 3. Nc3 e5 4. Nge2 Nbd7 5. h3 h5 6. g3 c6 7. Bg2 b5 8. a3 Bb7 9. O-O a5 10. Be3 Be7 11. f4 b4 12. Na4 exd4 13. Nxd4 c5 14. Nf5 Nxe4 15. Nxg7+ Kf8 16. Nf5 Ndf6 17. Re1 Rg8 18. Kh2 Qd7 19. Nxe7 Qxe7 20. Nb6 Re8 21. Bf2 Qc7 22. Bxe4 Bxe4 23. Nc4 d5 24. Ne5 h4 25.
axb4 axb4 26. Ra6 Rxe5 27. fxe5 Qxe5 28. Bxc5+ Kg7 29. Re3 Kh8 30. Bd4 hxg3+ 31. Kg1 1-0

[Event "*** Titled Tuesday Blitz"]
[Site "Chess.com"]
[Date "2019.07.02"]
[Round "3"]
[White "aa175"]
[Black "senecacrane"]
[Result "1-0"]
[WhiteElo "2258"]
[BlackElo "2326"]
[TimeControl "180+2"]
[EndTime "13:38:07 PDT"]
[Termination "aa175 won by resignation"]

1. d4 d5 2. Bf4 Nf6 3. e3 e6 4. Nd2 Bd6 5. Bg3 O-O 6. Bd3 c5 7. c3 b6 8. Ngf3 Bb7 9. Qe2 Nc6 10. Rd1 Ne7 11. e4 Bxg3 12. hxg3 dxe4 13. Nxe4 Ng6 14.
dxc5 Nd5 15. O-O Qc7 16. cxb6 axb6 17. a3 Rfd8 18. Neg5 Ra4 19. Rfe1 Nf6 20. Bxg6 hxg6 21. Rxd8+ Qxd8 22. Nxf7 Kxf7 23. Ng5+ Kf8 24. Nxe6+ Ke7 25. Nxd8+ Kxd8 26. Qd1+ 1-0

[Event "*** Titled Tuesday Blitz"]
[Site "Chess.com"]
[Date "2019.07.02"]
[Round "3"]
[White "timator"]
[Black "Quiet_Desperation"]
[Result "1-0"]
[WhiteElo "2405"]
[BlackElo "2462"]
[TimeControl "180+2"]
[EndTime "13:38:08 PDT"]
[Termination "timator won by resignation"]

1. Nf3 Nf6 2. g3 e6 3. Bg2 d5 4.
O-O Be7 5. c4 O-O 6. b3 c5 7.
Bb2 Nc6 8. cxd5 exd5 9. d4 Re8 10. Nc3 Be6 11. Rc1 Rc8 12. dxc5 Bxc5 13. Na4 Be7 14. Nd4 Qd7 15. Nc5 Bxc5 16. Rxc5 Nxd4 17. Qxd4 Rxc5 18.
Qxc5 b6 19. Qd4 Bh3 20. Qd3 Bxg2 21. Kxg2 Ne4 22. Rd1 Ng5 23. Qxd5 Qh3+ 24. Kg1 h6 25. Qd4 f6 26. Qc4+ Kh8 27. Bc1 Re4 28. Qd3 Re5 29.
f4 Ra5 1-0

[Event "*** Titled Tuesday Blitz"]
[Site "Chess.com"]
[Date "2019.07.02"]
[Round "3"]
[White "albi1999"]
[Black "Siniauski"]
[Result "1/2-1/2"]
[WhiteElo "2513"]
[BlackElo "2443"]
[TimeControl "180+2"]
[EndTime "13:38:12 PDT"]
[Termination "Game drawn by agreement"]

1. d4 Nf6 2. Nf3 b6 3. g3 Bb7 4. Bg2 g6 5. O-O Bg7 6. c4 O-O 7. Re1 d6 8. b3 Nbd7 9. Bb2 Rb8 10. Qc2 Be4 11. Qc1 e6 12. Nc3 Qe7 13. Nxe4 Nxe4 14. Nd2 Nxd2 15. Qxd2 e5 16. e3 Rbe8 17. h3 c5 18. Rad1 Rd8 19. b4 Rfe8 20. dxc5 bxc5 21. b5 Nb6 22. Qc2 e4 23. Bxg7 Kxg7 24. a4 Qe6 25. Bf1 f5 26. a5 Nd7 27. Be2 Ne5 28.
b6 axb6 29. axb6 Rb8 30. Rb1 Rb7 31. Qa4 Reb8 32. Qa6 Nd7 33. Red1 Rxb6 34. Rxb6 Rxb6 35. Qc8 Rb2 36. Ra1 Rxe2 37. Ra7 Kh6 38. Rxd7 Qf6 39.
Qg8 Qa1+ 40. Kg2 Rxf2+ 41. Kxf2 Qb2+ 42. Ke1 Qc1+ 43. Ke2 Qc2+ 44. Ke1 Qc1+ 45. Ke2 Qc2+ 1/2-1/2

[Event "*** Titled Tuesday Blitz"]
[Site "Chess.com"]
[Date "2019.07.02"]
[Round "3"]
[White "vova-79"]
[Black "evgenyermolaev"]
[Result "0-1"]
[WhiteElo "2397"]
[BlackElo "2494"]
[TimeControl "180+2"]
[EndTime "13:38:12 PDT"]
[Termination "evgenyermolaev won by resignation"]

1. d4 Nf6 2. c4 c5 3. d5 g6 4. Nc3 Bg7 5. e4 d6 6. f4 O-O 7.
Nf3 e6 8. Be2 exd5 9. cxd5 Bg4 10. O-O Nbd7 11. h3 Bxf3 12. Bxf3 Ne8 13. g4 Nc7 14. a4 f5 15. gxf5 gxf5 16. e5 dxe5 17. d6 Ne8 18. Bxb7 Rb8 19. Bc6 e4 20. Qd5+ Kh8 21.
Qe6 Nb6 22. Be3 Qxd6 23. Qxd6 Nxd6 24. Bxc5 Rfd8 25. Rad1 Ndc4 26. a5 Nxb2 27. Rxd8+ Rxd8 28. axb6 axb6 29. Bxb6 Rd6 30. Na4 Rxc6 31. Nxb2 Rxb6 32.
Nc4 Bd4+ 33. Kg2 Rb4 34. Nd6 Rb2+ 35. Kh1 e3 36. Nc4 e2 37. Re1 Rc2 0-1

[Event "*** Titled Tuesday Blitz"]
[Site "Chess.com"]
[Date "2019.07.02"]
[Round "3"]
[White "RitvarsReimanis"]
[Black "oskariot"]
[Result "1-0"]
[WhiteElo "2578"]
[BlackElo "2591"]
[TimeControl "180+2"]
[EndTime "13:38:14 PDT"]
[Termination "RitvarsReimanis won by resignation"]

1. c4 c5 2. Nc3 Nf6 3. g3 g6 4. Bg2 Bg7 5. Rb1 O-O 6. a3 e6 7.
b4 cxb4 8. axb4 d5 9. cxd5 exd5 10. d4 Bf5 11. Rb3 Nc6 12. Nf3 Ne4 13. Bb2 a5 14. b5 a4 15. Nxa4 Rxa4 16. bxc6 bxc6 17. O-O Qa5 18. Ne5 Qa6 19. Nd3 Bxd4 20. Nb4 Bxf2+ 21. Rxf2 Nxf2 22. Kxf2 Qb6+ 23. Bd4 c5 24. Nxd5 Qd6 25.
Bb2 f6 26. Rb6 1-0

[Event "*** Titled Tuesday Blitz"]
[Site "Chess.com"]
[Date "2019.07.02"]
[Round "3"]
[White "ASargsyan1"]
[Black "SavelievAlexei"]
[Result "1-0"]
[WhiteElo "2595"]
[BlackElo "2352"]
[TimeControl "180+2"]
[EndTime "13:38:14 PDT"]
[Termination "ASargsyan1 won by resignation"]

1. d4 Nf6 2. c4 e6 3. Nf3 b6 4.
g3 Bb7 5. Bg2 Be7 6. O-O O-O 7. d5 exd5 8. Nh4 c6 9. cxd5 Nxd5 10. Nf5 Nc7 11. e4 d5 12. exd5 Nxd5 13. Qg4 Bf6 14.
Rd1 Nd7 15. Nc3 Ne5 16. Qh3 g6 17. Nxd5 cxd5 18. Ne3 Qc8 19. Nxd5 Qxh3 20. Nxf6+ Kg7 21. Bxh3 Kxf6 22. f4 Nc4 23. b3 Na5 24. Bb2+ Ke7 25.
Rd7+ 1-0

[Event "*** Titled Tuesday Blitz"]
[Site "Chess.com"]
[Date "2019.07.02"]
[Round "3"]
[White "vpantev"]
[Black "HZMC92"]
[Result "1/2-1/2"]
[WhiteElo "2611"]
[BlackElo "2368"]
[TimeControl "180+2"]
[EndTime "13:38:15 PDT"]
[Termination "Game drawn - insufficient material"]

1. d4 d5 2. Bf4 c5 3. e3 Nc6 4. Nf3 Nf6 5. dxc5 e6 6. c4 Bxc5 7. a3 a5 8. Qc2 Bd6 9. Bg5 dxc4 10. Bxc4 O-O 11. O-O Ne5 12. Nxe5 Bxe5 13. Nd2 Qc7 14. Nf3 b5 15. Bd3 Qxc2 16. Bxc2 Bxb2 17.
Rab1 Bxa3 18. Nd4 Bb4 19. Nc6 Bc3 20. Ne7+ Kh8 21. Nxc8 Rfxc8 22. Rxb5 a4 23. Bb1 a3 24. Ba2 Rab8 25. Rxb8 Rxb8 26. Rb1 Rxb1+ 27. Bxb1 Ne4 28. Be7 Bb2 29. Bxa3 Bxa3 30. Bxe4 g6 31. Kf1 Kg7 32. Bc6 e5 33. Ke2 f6 34. Kd3 g5 35. Ke4 Bb2 36. Kf5 h6 37. Bf3 Ba1 38. Bh5 Bb2 39. Ke4 Ba1 40. Bg4 Bb2 41. Bf5 Ba1 42. Kd3 Bb2 43.
Kc2 Ba3 44. Kc3 Bc5 45. Kb3 Bd6 46. Kc4 Bf8 47. f3 Be7 48. Kd3 Bf8 49. Ke4 Be7 50.
Bg4 Ba3 51. Bh5 Bb2 52. h3 Ba1 53. f4 exf4 54. exf4 gxf4 55. Kxf4 Be5+ 56. Kf5 Bb2 57. Bf3 Bc3 58. Be4 Bb2 59. Bd5 Be5 60. g4 Bb2 61. h4 Bc1 62. Bf3 Bd2 63. Be2 Bc1 64. g5 hxg5 65. hxg5 fxg5 66. Kg4 Bf4 67. Bd3 Kf6 68. Bc4 Bd2 69. Bb5 Ke5 70. Ba6 Bb4 71. Kxg5 1/2-1/2

[Event "*** Titled Tuesday Blitz"]
[Site "Chess.com"]
[Date "2019.07.02"]
[Round "3"]
[White "FrenchMonster2002"]
[Black "ckgchess"]
[Result "0-1"]
[WhiteElo "2437"]
[BlackElo "2680"]
[TimeControl "180+2"]
[EndTime "13:38:16 PDT"]
[Termination "ckgchess won by resignation"]

1. e4 c5 2. Nc3 Nc6 3. Bb5 Nd4 4.
Nf3 Nxb5 5. Nxb5 a6 6. Nc3 b5 7. d4 cxd4 8. Qxd4 d6 9. Bg5 h6 10. Bh4 Bb7 11. O-O-O e5 12. Qd3 g5 13. Bg3 Nf6 14. Rhe1 Be7 15. Nd5 Nxd5 16. exd5 O-O 17. h4 g4 18. Nxe5 dxe5 19. Bxe5 Bf6 20. Qf5 Bxe5 21.
Rxe5 Bc8 22. Qf4 Kg7 23. d6 Qf6 24. Qe4 Be6 25. f4 gxf3 26. gxf3 Kh8 27. Qe3 Rad8 28. Rh5 Kh7 29. Kb1 Qg6 30. Re5 Bf5 31. h5 Qf6 32. Qf4 Bxc2+ 33. Kxc2 Qxf4 0-1

[Event "*** Titled Tuesday Blitz"]
[Site "Chess.com"]
[Date "2019.07.02"]
[Round "3"]
[White "StoreySniper"]
[Black "moro182"]
[Result "0-1"]
[WhiteElo "2471"]
[BlackElo "2784"]
[TimeControl "180+2"]
[EndTime "13:38:17 PDT"]
[Termination "moro182 won by resignation"]

1. b4 a5 2. Bb2 axb4 3. Nf3 Nf6 4. g3 b6 5. Bg2 Bb7 6. O-O e6 7. a3 bxa3 8. Nxa3 Be7 9. c4 O-O 10. d4 d5 11. cxd5 exd5 12. Ne5 Nbd7 13. Qc2 c5 14.
Nb5 Qb8 15. Rxa8 Bxa8 16. Nxd7 Nxd7 17. dxc5 bxc5 18. Nc3 Nf6 19. Ra1 Bc6 20. e3 Qb7 21.
Ne2 Rb8 22. Bxf6 Bxf6 23. Rc1 c4 24. Nf4 Be5 25. Ne2 g6 26. h4 Qb2 27. Qd1 c3 28. Kh2 Bb5 29. Rc2 Ba4 30. Qxd5 Qxc2 31. Qxe5 Rc8 32. Nd4 Qxf2 33. Qa5 c2 34. Nxc2 Bxc2 35.
Qa6 Bf5 36. e4 Be6 37. h5 gxh5 38. Qa3 h4 39. Qe7 Qxg3+ 40. Kh1 Rc1+ 0-1

[Event "*** Titled Tuesday Blitz"]
[Site "Chess.com"]
[Date "2019.07.02"]
[Round "3"]
[White "Msb2"]
[Black "Sadikhov_Ulvi"]
[Result "1-0"]
[WhiteElo "2874"]
[BlackElo "2697"]
[TimeControl "180+2"]
[EndTime "13:38:30 PDT"]
[Termination "Msb2 won by resignation"]

1. d4 Nf6 2. c4 g6 3. Nc3 Bg7 4. e4 d6 5. h3 O-O 6. Be3 c5 7. d5 e6 8. Bd3 exd5 9. exd5 Nbd7 10. Nf3 Re8 11. O-O Ne5 12. Nxe5 Rxe5 13. Bf4 Re8 14. Qd2 a6 15. Rae1 Rxe1 16. Rxe1 Qb6 17. Re7 Bf8 18. Re2 Bd7 19. Bg5 Nh5 20. g4 Ng7 21. Ne4 Ne8 22. Bh6 Qd8 23. Bxf8 Kxf8 24. Qf4 Bc8 25. Ng5 f6 26.
Nxh7+ Kg7 27. Qe4 f5 28. Qxe8 Qxe8 29. Rxe8 Kxh7 30. gxf5 1-0

[Event "*** Titled Tuesday Blitz"]
[Site "Chess.com"]
[Date "2019.07.02"]
[Round "3"]
[White "Kawhi_Leonard2"]
[Black "Heineccius"]
[Result "1/2-1/2"]
[WhiteElo "2315"]
[BlackElo "2512"]
[TimeControl "180+2"]
[EndTime "13:38:36 PDT"]
[Termination "Game drawn by repetition"]

1. e4 c5 2. Nf3 e6 3. d4 cxd4 4. Nxd4 a6 5. Nc3 Qc7 6. Be2 b5 7. Bf3 Bb7 8. O-O Nc6 9. Nxc6 dxc6 10. a4 e5 11. axb5 axb5 12. Rxa8+ Bxa8 13. Be3 Nf6 14. Qa1 Bb7 15. Qa7 Be7 16. Bb6 Qc8 17. Rd1 O-O 18. Bc5 Bxc5 19. Qxc5 Rd8 20. Rxd8+ Qxd8 21. Qxe5 Bc8 22.
h3 Be6 23. Qc5 h6 24. Qxc6 Qd2 25. e5 Qe1+ 26. Kh2 Qxe5+ 27. g3 b4 28. Ne4 Nd5 29.
Nc5 Qf5 30. Nxe6 Qxf3 31. Qa8+ Kh7 32. Nf8+ Kg8 33. Ng6+ Kh7 34. Nf8+ Kg8 35. Nd7+ Kh7 36. Nf8+ 1/2-1/2

[Event "*** Titled Tuesday Blitz"]
[Site "Chess.com"]
[Date "2019.07.02"]
[Round "3"]
[White "x-3738459472"]
[Black "enriquetejedor"]
[Result "0-1"]
[WhiteElo "2597"]
[BlackElo "2579"]
[TimeControl "180+2"]
[EndTime "13:38:43 PDT"]
[Termination "enriquetejedor won by resignation"]

1. e4 e6 2. d4 d5 3. Nd2 c5 4. exd5 Qxd5 5. Ngf3 cxd4 6. Bc4 Qd7 7. Qe2 Nc6 8. Nb3 Nf6 9. Bg5 Bb4+ 10. Nbd2 h6 11.
Bxf6 gxf6 12. O-O b6 13. Rad1 Bb7 14. c3 dxc3 15. Ne4 Qe7 16. bxc3 Bc5 17. Nd4 Bxd4 18. cxd4 Nb4 19. Bb5+ Kf8 20. Ng3 Nd5 21. Bc4 Nc3 22. Qh5 Nxd1 23. Rxd1 Rc8 24. Bb3 f5 25. h4 f4 26. Ne2 Qf6 27. d5 Rg8 28. Qf3 Rc5 29. Nxf4 exd5 30. g3 Rc3 31. Ne6+ Ke7 32. Qxf6+ Kxf6 33. Nf4 d4 34. Bd5 Bxd5 35. Nxd5+ Ke5 36. Nf4 Rgc8 37. Re1+ Kd6 38. Re4 Rc1+ 39. Kg2 R8c4 40. Ne2 d3 0-1

[Event "*** Titled Tuesday Blitz"]
[Site "Chess.com"]
[Date "2019.07.02"]
[Round "3"]
[White "NemtsevIgor"]
[Black "DanielRensch"]
[Result "1-0"]
[WhiteElo "2303"]
[BlackElo "2410"]
[TimeControl "180+2"]
[EndTime "13:38:44 PDT"]
[Termination "NemtsevIgor won by resignation"]

1. d3 Nf6 2. g3 g6 3. Nf3 Bg7 4.
Bg2 O-O 5. O-O d6 6. Nc3 e5 7. e4 Ne8 8. Nh4 h6 9. h3 c6 10.
a4 Be6 11. Kh2 Qd7 12. f4 exf4 13. gxf4 f5 14. Nxg6 Rf6 15. Nh4 Na6 16. exf5 Bxf5 17. Nxf5 Rxf5 18. Be4 Rf8 19. Qh5 Nf6 20. Qf5 d5 21.
Qxd7 Nxd7 22. Nxd5 cxd5 23. Bxd5+ Kh7 24. Bxb7 Nac5 25. Bxa8 Rxa8 26. Ra3 Nb6 27. a5 Nd5 28.
a6 Rb8 29. Ra5 Rc8 30. b4 Nxb4 31. Ba3 Nbxa6 32. f5 Bc3 33. Rb5 Kg7 34. Rg1+ Kf7 35. Rg6 Bd4 36. Rxh6 Re8 37. c3 Re2+ 38. Kg3 Bf2+ 39.
Kf3 Rd2 40. d4 Bxd4 41. cxd4 Rd3+ 1-0

[Event "*** Titled Tuesday Blitz"]
[Site "Chess.com"]
[Date "2019.07.02"]
[Round "3"]
[White "sandager"]
[Black "Maili15"]
[Result "0-1"]
[WhiteElo "2133"]
[BlackElo "2256"]
[TimeControl "180+2"]
[EndTime "13:38:47 PDT"]
[Termination "Maili15 won by resignation"]

1. d4 d5 2. Nf3 Nf6 3. c4 e6 4. Nc3 Be7 5. g3 O-O 6. Bg2 dxc4 7. O-O Nc6 8. h3 Rb8 9. e4 b5 10. d5 exd5 11. exd5 Nb4 12. Ne5 Bb7 13. Nxb5 Nbxd5 14. Nxa7 Qd6 15. Re1 Qa6 16. Bg5 Qxa7 17.
Bxd5 Nxd5 18. Bxe7 Nxe7 19. Nxc4 Nc6 20. Qg4 Nd4 21.
Re3 Bd5 22. Ne5 Nc2 23. Rae1 Nxe1 24. Rxe1 Be6 25. Qh4 Rxb2 26. Nd3 Rxa2 27. Rxe6 fxe6 28.
Qc4 Raxf2 29. Nxf2 Qxf2+ 0-1

[Event "*** Titled Tuesday Blitz"]
[Site "Chess.com"]
[Date "2019.07.02"]
[Round "3"]
[White "Roenko_Artur"]
[Black "telarubo96"]
[Result "0-1"]
[WhiteElo "2249"]
[BlackElo "2314"]
[TimeControl "180+2"]
[EndTime "13:38:50 PDT"]
[Termination "telarubo96 won by resignation"]

1. e4 c5 2. Nf3 Nc6 3. d4 cxd4 4. Nxd4 e5 5. Nb5 d6 6. N1c3 a6 7. Na3 Be7 8. g3 h5 9. h4 Nf6 10. Bg2 Bg4 11. f3 Be6 12. O-O Qd7 13. Kh2 Bd8 14. Nd5 Ne7 15. c4 b5 16. b3 Rc8 17. Be3 Bxd5 18.
cxd5 Rc3 19. Bd2 Rc5 20. Bb4 Rc7 21. Qd2 O-O 22. Nc2 a5 23. Bc3 Qc8 24. Bh3 Ng4+ 25. fxg4 Rxc3 26. Ne3 Bb6 27. gxh5 Bxe3 28. Qd1 Rc2+ 29.
Kh1 0-1

[Event "*** Titled Tuesday Blitz"]
[Site "Chess.com"]
[Date "2019.07.02"]
[Round "3"]
[White "KestutisLabeckas"]
[Black "G_Threepwood"]
[Result "0-1"]
[WhiteElo "2351"]
[BlackElo "2443"]
[TimeControl "180+2"]
[EndTime "13:38:54 PDT"]
[Termination "G_Threepwood won on time"]

1. d4 Nf6 2. c4 c5 3. e3 g6 4. Nf3 Bg7 5. b3 cxd4 6. exd4 d5 7.
Bb2 O-O 8. Be2 Nc6 9. O-O b6 10.
Nc3 Bb7 11. Ne5 Rc8 12. cxd5 Nxd5 13. Nxd5 Qxd5 14. Bc4 Qd6 15. Re1 Nxe5 16. dxe5 Qc6 17. Qg4 b5 18. Bf1 e6 19. Rac1 Qb6 20. Bd4 Qa5 21.
Qe2 Rfd8 22. Rxc8 Bxc8 23. Rd1 a6 24. Bc3 Qc7 25. Rxd8+ Qxd8 26. Qd3 Qc7 27. f4 Bb7 28. Qd4 Bf8 29. Bb4 Bxb4 30. Qxb4 Qb6+ 31. Kh1 Qf2 0-1

[Event "*** Titled Tuesday Blitz"]
[Site "Chess.com"]
[Date "2019.07.02"]
[Round "3"]
[White "RzayevB"]
[Black "Bad4life"]
[Result "1-0"]
[WhiteElo "2594"]
[BlackElo "2366"]
[TimeControl "180+2"]
[EndTime "13:38:55 PDT"]
[Termination "RzayevB won by resignation"]

1. e4 c5 2. Nf3 d6 3. Nc3 Nf6 4. e5 dxe5 5. Nxe5 e6 6. Bb5+ Nfd7 7. d4 cxd4 8. Qxd4 a6 9. Ba4 Qc7 10. Bf4 Qc5 11. O-O-O b5 12. Bb3 Qxd4 13. Rxd4 Bc5 14. Rd2 Bb7 15. Rhd1 Bc8 16. Ne4 Bb4 17. c3 Be7 18.
Bg5 f6 19. Nxd7 Bxd7 20. Bf4 e5 21. Be3 Bc6 22. Nd6+ Bxd6 23. Rxd6 Bd7 24. Bd5 Bg4 25. Bxa8 Bxd1 26. Rxd1 O-O 27. Bd5+ Kh8 28. Bc5 Rc8 29. Be6 Re8 30. Bf7 Rc8 31. Be6 Re8 32. Bb6 g6 33. Rd8 Rxd8 34. Bxd8 Kg7 35. Bc8 Kf7 36.
Bc7 Nc6 37. Bxa6 b4 38. Bb7 Ne7 39. cxb4 Ke6 40. a4 Kd7 41. Bb8 Nf5 42. a5 Nd4 43. a6 1-0

[Event "*** Titled Tuesday Blitz"]
[Site "Chess.com"]
[Date "2019.07.02"]
[Round "3"]
[White "lavr92"]
[Black "SoltaniciR"]
[Result "1/2-1/2"]
[WhiteElo "2617"]
[BlackElo "2558"]
[TimeControl "180+2"]
[EndTime "13:38:58 PDT"]
[Termination "Game drawn by repetition"]

1. d4 Nf6 2. c4 Nc6 3. Nf3 e6 4. g3 Bb4+ 5. Nc3 d6 6. Bg2 O-O 7. O-O Bxc3 8. bxc3 e5 9. Bg5 h6 10. Bxf6 Qxf6 11. e3 Bg4 12. h3 Bh5 13. g4 Bg6 14.
Nd2 Rfe8 15. f4 exf4 16. exf4 Bd3 17. Rf2 Re3 18. Qb3 Nxd4 19. Qxb7 Rae8 20. g5 hxg5 21. fxg5 Qxg5 22. cxd4 Re2 23. Qf3 Rxf2 24. Qxf2 Re2 25.
Nf3 Qg6 26. Nh4 Qg5 27. Nf3 Qg6 28. Nh4 Qg5 29. Nf3 1/2-1/2

[Event "*** Titled Tuesday Blitz"]
[Site "Chess.com"]
[Date "2019.07.02"]
[Round "3"]
[White "Hamisandwich"]
[Black "Caisachess"]
[Result "1-0"]
[WhiteElo "2454"]
[BlackElo "2375"]
[TimeControl "180+2"]
[EndTime "13:38:58 PDT"]
[Termination "Hamisandwich won by resignation"]

1. b3 Nf6 2. Bb2 d6 3. d4 Nbd7 4. Nf3 c5 5. e3 g6 6. Be2 Bg7 7. O-O O-O 8. Nbd2 a6 9. c4 b6 10. Qc2 Qc7 11. Rfe1 Rb8 12. Rac1 b5 13. cxb5 axb5 14.
dxc5 Qxc5 15. Nd4 Nd5 16. Nc6 Qxc2 17. Rxc2 Bxb2 18. Nxb8 Bg7 19. Rxc8 Rxc8 20. Nxd7 Rc2 21. Nf3 Bc3 22. Bd3 Rxa2 23. Rf1 b4 24. Nb8 Rb2 25.
Nc6 Rxb3 26. Bc4 Nxe3 27. Bxb3 Nxf1 28. Kxf1 e6 29. Ne1 d5 30. Nc2 Kf8 31. N2xb4 Ke8 32. Ba4 Kf8 33. Ke2 Kg8 34. Kd3 Be1 35. Ke3 Kg7 36.
Nd3 Bc3 37. Nd8 Kf6 38. Be8 Ke7 39. Bxf7 e5 40. Bxd5 Kxd8 41. Ke4 1-0

[Event "*** Titled Tuesday Blitz"]
[Site "Chess.com"]
[Date "2019.07.02"]
[Round "3"]
[White "Cruel_Yaro"]
[Black "BlackBoarder"]
[Result "1-0"]
[WhiteElo "2750"]
[BlackElo "2487"]
[TimeControl "180+2"]
[EndTime "13:38:59 PDT"]
[Termination "Cruel_Yaro won on time"]

1. e4 e6 2. d4 d5 3. e5 c5 4. c3 Qa5 5. a3 Bd7 6. Nf3 Nc6 7. dxc5 Qc7 8. Bf4 Bxc5 9. Bd3 Nge7 10. b4 Bb6 11. Qe2 Ng6 12. Bg3 a6 13. O-O O-O 14. Nbd2 Na7 15. c4 dxc4 16. Nxc4 Bb5 17. a4 Bxc4 18.
Bxc4 Qe7 19. b5 a5 20. Bd3 Bc5 21. h4 h6 22. h5 Nh8 23. Bh4 Qc7 24. Qe4 g6 25. Bf6 Nc8 26. Rac1 Ne7 27. b6 Qxb6 28. Rb1 Qc6 29. Rxb7 Qxe4 30. Bxe4 Nd5 31. Bxd5 exd5 32. e6 Rfb8 33. Rfb1 Rxb7 34. Rxb7 gxh5 35. Ne5 1-0

[Event "*** Titled Tuesday Blitz"]
[Site "Chess.com"]
[Date "2019.07.02"]
[Round "3"]
[White "vlad10898"]
[Black "LoydBlankenship"]
[Result "1-0"]
[WhiteElo "2477"]
[BlackElo "2444"]
[TimeControl "180+2"]
[EndTime "13:38:59 PDT"]
[Termination "vlad10898 won by resignation"]

1. e4 e6 2. d4 d5 3. Nd2 Nc6 4.
Ngf3 Nf6 5. e5 Nd7 6. c4 dxc4 7. Nxc4 Nb6 8. a3 Nd5 9. Bd3 b6 10. b4 a6 11. O-O Be7 12. Bd2 Bb7 13. Rc1 Qd7 14.
Qb3 h6 15. Be4 Rd8 16. Rfd1 O-O 17. Bb1 f5 18. exf6 Nxf6 19. Nce5 Nxe5 20. dxe5 Nd5 21.
Qd3 Rf5 22. Nd4 Rdf8 23. Nxf5 exf5 24. Ba2 Kh8 25. Bxh6 c6 26. Be3 f4 27. Bb1 Qf5 28. Qxf5 g6 29. Qxg6 Rf7 30. Qxf7 Bg5 1-0

[Event "*** Titled Tuesday Blitz"]
[Site "Chess.com"]
[Date "2019.07.02"]
[Round "3"]
[White "ShiningDiamond"]
[Black "vovachesss"]
[Result "0-1"]
[WhiteElo "1587"]
[BlackElo "2665"]
[TimeControl "180+2"]
[EndTime "13:39:01 PDT"]
[Termination "vovachesss won on time"]

1. Nf3 Nf6 2. d4 b5 3. e3 a6 4. Bd3 Bb7 5. O-O e6 6. a4 b4 7. c3 a5 8. c4 d6 9. b3 Be7 10.
Bb2 O-O 11. Nbd2 Nbd7 12. Re1 c5 13. Qc2 h6 14. Rac1 Qc7 15. h3 e5 16. d5 Rfe8 17.
e4 Nh5 18. Nf1 Nf4 19. Ng3 g6 20. Ne2 Nxe2+ 21. Qxe2 Nf6 22. Qd2 Kg7 23. Nh2 Nh5 24. Qc2 Bc8 25. Rb1 Bd7 26. Bf1 Rf8 27. Bc1 Kh7 28. Be2 Nf4 29. Bxf4 exf4 30. Qd2 g5 31. Bh5 Bf6 32. Qd3 Be5 33. Nf3 Rad8 34. Nxe5 dxe5 35. Bf3 Kg7 36. Rbd1 Bc8 37. Kh1 Rd6 38. Kg1 Rg8 39. Bg4 Kf8 40. f3 Bd7 41. Bxd7 Qxd7 42. Qe2 h5 43.
Kf1 g4 44. h4 gxf3 45. Qxf3 Rg4 46. Qh3 Rdg6 47. Re2 Qe7 0-1

[Event "*** Titled Tuesday Blitz"]
[Site "Chess.com"]
[Date "2019.07.02"]
[Round "3"]
[White "PIwan"]
[Black "Fins0905"]
[Result "0-1"]
[WhiteElo "2450"]
[BlackElo "2739"]
[TimeControl "180+2"]
[EndTime "13:39:02 PDT"]
[Termination "Fins0905 won by resignation"]

1. c4 c6 2. e4 d5 3. exd5 cxd5 4. cxd5 Nf6 5. Nc3 g6 6. Nf3 Bg7 7. Bb5+ Nbd7 8. d6 e6 9. d4 O-O 10. O-O a6 11. Bd3 b5 12. a4 b4 13. Ne4 Nxe4 14. Bxe4 Rb8 15. Bg5 Nf6 16. Qc1 Qb6 17. Bxf6 Bxf6 18.
Qc7 Bd8 19. Qxb6 Rxb6 20. Rac1 Bd7 21. d5 Rxd6 22. dxe6 Bxe6 23. Rfd1 Rxd1+ 24. Rxd1 Bb3 25. Rd6 a5 26. g4 Bxa4 27. Bd5 Kg7 28. Ra6 Re8 29.
Ra7 Re7 30. Ra8 Rd7 31. Bc4 Bc6 0-1